 Dungeon Crawl Stone Soup version 0.30-a0-165-g1891117ce2 (webtiles) character file.

Game seed: 4053503820615171753

4 LnG the Caller (level 1, 0/10 HPs)
             Began as a Kobold Summoner on Sept 28, 2022.
             Slain by a gnoll
             ... wielding a +0 spear
              (6 damage)
             ... on level 1 of the Dungeon.
             The game lasted 00:00:26 (283 turns).

LnG the Caller (Kobold Summoner)                     Turns: 283, Time: 00:00:27

Health: 0/10       AC:  2    Str:  5    XL:     1   Next: 77%
Magic:  1/3        EV: 15    Int: 16    God:
Gold:   0          SH:  0    Dex: 15    Spells: 3/4 levels left

rFire   . . .      SeeInvis .    c - +0 dagger
rCold   . . .      Faith    .    (no shield)
rNeg    . . .      Spirit   .    a - +0 robe
rPois   .          Reflect  .    (no helmet)
rElec   .          Harm     .    (no cloak)
rCorr   .          Rampage  .    (no gloves)
Will    .....                    (no boots)
Stlth   +++.......               (no amulet)
HPRegen 0.03/turn                (no ring)
MPRegen 0.08/turn                (no ring)

@: no status effects
A: small, no large weapons, nightstalker 3
a: no special abilities


You were on level 1 of the Dungeon.
You visited 1 branch of the dungeon, and saw 1 of its levels.

Inventory:

Hand Weapons
 c - a +0 dagger (weapon)
Armour
 a - a +0 robe (worn)
Potions
 b - a potion of magic
 d - a potion of curing {unknown}


   Skills:
 + Level 2.4 Dodging
 + Level 2.7 Stealth
 + Level 2.2 Spellcasting
 + Level 4.2 Summonings


You had 3 spell levels left.
You knew the following spells:

 Your Spells              Type           Power      Damage    Failure   Level
a - Summon Small Mammal   Summ           60%        N/A       3%          1

Your spell library contained the following spells:

 Spells                   Type           Power      Damage    Failure   Level
 Call Imp                 Summ           15%        N/A       5%          2
 Call Canine Familiar     Summ           15%        N/A       11%         3
 Summon Guardian Golem    Hex/Summ       8%         N/A       26%         3
 Summon Lightning Spire   Summ/Air       8%         N/A       63%         4


Dungeon Overview and Level Annotations

Branches:
Dungeon (1/15)

Altars:


Innate Abilities, Weirdness & Mutations

You are small and have problems with some larger weapons.
You are completely attuned to the shadows.


Message History

You puncture the rat!
You kill the rat!
No target in view!
No target in view!
Found a stone staircase leading down.
d - a purple potion As you open the door, it creaks loudly!
You hear a shout! x2
There is an open door here.
A gnoll comes into view. It is wielding a +0 spear.
Casting: Summon Small Mammal (safe; 3% risk of failure)
Confirm with . or Enter, or press ? or * to list all spells.
Casting: Summon Small Mammal (safe; 3% risk of failure)
Confirm with . or Enter, or press ? or * to list all spells.
A goblin comes into view. It is wielding a +0 dagger.
The gnoll closely misses you.
Your quokka bites the gnoll.
Your rat barely misses the gnoll.
You hit the gnoll but do no damage.
The gnoll is moderately wounded.
The gnoll closely misses you.
Your quokka bites the gnoll but does no damage.
Your rat bites the gnoll but does no damage.
You closely miss the gnoll.
The gnoll is moderately wounded.
Your quokka misses the gnoll.
The goblin completely misses your quokka.
The gnoll hits you with a +0 spear.
Your rat bites the gnoll.
You hit the gnoll but do no damage.
The gnoll is moderately wounded.
Your quokka barely misses the gnoll.
The goblin barely misses your quokka. The gnoll closely misses you.
Your rat bites the gnoll.
You hit the gnoll but do no damage.
The gnoll is heavily wounded.
Your quokka closely misses the gnoll.
The goblin hits your quokka with a +0 dagger.
The gnoll misses you.
Your quokka bites the gnoll.
Your rat bites the gnoll.
You barely miss the gnoll.
The gnoll is almost dead.
The goblin barely misses your quokka. The gnoll hits you with a +0 spear.
Ouch! That really hurt!
You die...

#.......
#.......
#..g....
#..rr...
#..@g...
##'#####
..##########.#
############
..#..........#
#...........
...##...#####
###.#.....#..#
#.##..#.#
##...##...##...
.##.....#.#
#....###.###...
.....##...#
#.###.##.##.###
.....####.#
#..###.#.#.###.


You could see a gnoll (ally target), a goblin, a friendly quokka (summoned) and
a friendly rat (summoned).

Vanquished Creatures
  An endoplasm (D:1)
  A rat (D:1)
2 creatures vanquished.

Vanquished Creatures (collateral kills)
  A giant cockroach (D:1)
  A kobold (D:1)
  A rat (D:1)
3 creatures vanquished.

Grand Total: 5 creatures vanquished

Notes
Turn   | Place    | Note
-------+----------+-------------------------------------------
     0 | D:1      | LnG the Kobold Summoner began the quest for the Orb.
     0 | D:1      | Reached XP level 1. HP: 10/10 MP: 3/3
   283 | D:1      | Slain by a gnoll

Illustrated notes

Levels and vault maps discovered:
D:1:      roderic_crossed_star, layout_basic

Action                   || total
-------------------------++-------
Melee: Dagger            ||     7
 Cast: Summon Small Mamm ||     4
 Stab: Sleeping          ||     2
Dodge: Dodged            ||     6

Table legend: (Time is in decaauts)
 A = Elapsed time spent in this place.
 B = Non-inter-level travel time spent in this place.
 C = Inter-level travel time spent in this place.
 D = Time resting spent in this place.
 E = Time spent auto-exploring this place.
 F = Levels seen in this place.
 G = Mean time per level.
                   A        B        C        D        E       F      G
               +--------+--------+--------+--------+--------+-----+--------+
         Total |    282 |    282 |      0 |    112 |    131 |   1 |  282.0 |
       Dungeon |    282 |    282 |      0 |    112 |    131 |   1 |  282.0 |
               +--------+--------+--------+--------+--------+-----+--------+

Top non-repeatable levels by time:
     D:1: 282 daAuts
